 Dungeon Crawl Stone Soup version 0.26-a0-1191-ge2a0e31ab3 (webtiles) character file.

Game seed: 9169352465637698092

3070 Marmelada18 the Quickloader (level 10, -3/65 HPs)
             Began as a Kobold Hunter on Dec 28, 2020.
             Was a Priest of Okawaru.
             Killed from afar by Erica (17 damage)
             ... with a lance of force
             ... on level 8 of the Dungeon.
             The game lasted 00:11:55 (10336 turns).

Marmelada18 the Quickloader (Kobold Hunter)        Turns: 10336, Time: 00:11:55

Health: -3/65      AC: 11    Str: 13    XL:     10   Next: 12%
Magic:  12/13      EV: 23    Int: 13    God:    Okawaru [***...]
Gold:   461        SH:  0    Dex: 15    Spells: 9/9 levels left

rFire    + . .     SeeInvis .   a - +1 hand crossbow
rCold    . . .     Faith    .   (shield restricted)
rNeg     . . .     Spirit   .   I - +3 leather armour {rF+}
rPois    .         Reflect  .   o - +2 hat
rElec    .         Harm     .   D - +0 cloak
rCorr    .         Rampage  .   (no gloves)
Will     .....                  t - +0 pair of boots
Stlth    ++++......             (no amulet)
HPRegen  0.20/turn              y - +4 ring of evasion
MPRegen  0.13/turn              (no ring)

@: heroism
A: small, nightstalker 3
a: Renounce Religion, Heroism


You were on level 8 of the Dungeon.
You worshipped Okawaru.
Okawaru was most pleased with you.
You visited 2 branches of the dungeon, and saw 9 of its levels.

You collected 461 gold pieces.

Inventory:

Hand Weapons
 a - a +1 hand crossbow (weapon)
 b - a +0 dagger of electrocution
 m - a +0 short sword
Missiles
 d - 49 bolts (quivered ammo)
Armour
 c - a +0 leather armour
 o - a +2 hat (worn)
 t - a +0 pair of boots (worn)
 D - a +0 cloak (worn)
 I - a +3 leather armour of fire resistance (worn)
Jewellery
 y - a +4 ring of evasion (left hand)
 C - a cursed ring of positive energy {unknown}
 F - an uncursed ring of resist corrosion
 H - a cursed ring of teleportation {unknown}
Wands
 q - a wand of random effects (24)
 J - a wand of flame (18)
Scrolls
 e - 3 scrolls of fear {unknown}
 f - 11 scrolls of identify {unknown}
 i - a scroll of amnesia {unknown}
 j - 3 scrolls of enchant weapon {unknown}
 k - 3 scrolls of magic mapping {unknown}
 l - 2 scrolls of fog {unknown}
 n - 2 scrolls of remove curse {unknown}
 p - 2 scrolls of blinking {unknown}
 r - a scroll of teleportation {unknown}
 B - 2 scrolls of enchant armour {unknown}
Potions
 g - a potion of might {unknown}
 h - a potion of haste {unknown}
 s - a potion of berserk rage
 u - a potion of magic {unknown}
 v - a potion of flight
 w - 2 potions of curing
 x - 2 potions of cancellation {unknown}
 z - a potion of resistance
 A - a potion of lignification {unknown}
 E - 3 potions of degeneration {unknown}
 G - a potion of attraction {unknown}


   Skills:
 + Level 8.4(13.4) Fighting
 + Level 9.3(14.3) Short Blades
 + Level 10.1(15.1) Crossbows
 - Level 2.4(7.4) Dodging
 - Level 1.3(6.3) Stealth
 + Level 4.5 Invocations


You had 9 spell levels left.
You didn't know any spells.
Your spell library contained the following spells:

 Spells                   Type           Power        Failure   Level
 Animate Skeleton         Necr           0%           36%         1
 Pain                     Necr           0%           36%         1
 Vampiric Draining        Necr           0%           75%         3
 Animate Dead             Necr           0%           98%         4
 Agony                    Necr           0%           100%        5


Dungeon Overview and Level Annotations

Branches:
Dungeon (8/15)             Temple (1/1) D:4
   Lair: D:8-11

Altars:
Ashenzari
Cheibriados
Dithmenos
Elyvilon
Fedhas
Gozag
Hepliaklqana
Kikubaaqudgha
Makhleb
Nemelex Xobeh
Okawaru
Qazlal
Ru
Sif Muna
Trog
Uskayaw
Vehumet
Wu Jian
Xom
Yredelemnul
Zin
The Shining One

Annotations:
D:5 1 exclusion
D:8 Erica


Innate Abilities, Weirdness & Mutations

You are small and have problems with some larger weapons.
You are completely attuned to the shadows.


Message History

Erica is severely wounded.
Erica casts a spell at you. The bolt of poison misses you.
You shoot a bolt. The bolt hits Erica but does no damage.
Erica is severely wounded.
Erica gestures at you while chanting. The lance of force misses you.
You shoot a bolt. The bolt closely misses Erica.
Erica completely misses you.
You shoot a bolt. The bolt hits Erica!
Erica is almost dead.
Erica casts a spell at you. The lance of force hits you!!
* * * LOW HITPOINT WARNING * * *
You are knocked back by the lance of force.
You slam into the rock wall!
* * * LOW HITPOINT WARNING * * *
You feel better. Erica gestures at you while chanting.
The lance of force hits you!
You die...

........
.......
##.......
#.........
#..†......
##.........
##@...†.....
#.@....<....
#..(#####....
.....# ....
#....(# ....
#....(. ....


You could see Erica.

Vanquished Creatures
  Maggie (D:6)
  2 orc warriors
  A phantom (D:7)
  A necrophage (D:5)
  2 ice beasts
  2 ogres
  4 centaurs
  4 bullfrogs
  Blork the orc (D:6)
  A wyvern zombie (D:7)
  5 scorpions
  3 wights (D:7)
  A howler monkey (D:7)
  3 hounds
  A jelly (D:5)
  A bullfrog zombie (D:5)
  4 orc priests
  A gnoll shaman (D:6)
  A bullfrog skeleton (D:7)
  Jessica (D:3)
  5 orc wizards
  3 worker ants
  An iguana (D:4)
  A killer bee zombie (D:5)
  A hound zombie (D:5)
  A hound skeleton (D:4)
  A worker ant zombie (D:5)
  7 adders
  2 shadow imps (D:5)
  4 white imps
  4 ufetubi
  4 oozes
  4 worms
  3 dart slugs
  6 leopard geckos
  28 orcs
  5 bats
  7 giant cockroaches
  8 hobgoblins
  19 jackals
  6 kobolds
  5 quokkas
  A ball python (D:3)
  2 frilled lizards
  A giant cockroach zombie (D:5)
  6 goblins
  A jackal skeleton (D:5)
  A quokka zombie (D:6)
  9 rats
186 creatures vanquished.

Vanquished Creatures (others)
  23 plants
23 creatures vanquished.

Grand Total: 209 creatures vanquished

Notes
Turn   | Place    | Note
-------+----------+-------------------------------------------
     0 | D:1      | Marmelada18 the Kobold Hunter began the quest for the Orb.
     0 | D:1      | Reached XP level 1. HP: 12/12 MP: 1/1
   233 | D:1      | Reached skill level 5 in Crossbows
   260 | D:1      | Reached XP level 2. HP: 12/18 MP: 2/2
   825 | D:1      | Reached XP level 3. HP: 12/23 MP: 3/3
  1770 | D:2      | Reached skill level 1 in Short Blades
  1992 | D:2      | Reached XP level 4. HP: 27/28 MP: 4/4
  2730 | D:2      | Reached XP level 5. HP: 22/32 MP: 5/5
  3025 | D:3      | Reached skill level 6 in Crossbows
  3185 | D:3      | Noticed Jessica
  3193 | D:3      | Killed Jessica
  3983 | D:4      | Reached XP level 6. HP: 38/38 MP: 6/6
  3989 | D:4      | Noticed an ogre
  3998 | D:4      | Killed an ogre
  4066 | D:4      | Found a staircase to the Ecumenical Temple.
  4147 | Temple   | Entered the Ecumenical Temple
  4281 | Temple   | Became a worshipper of Warmaster Okawaru
  5175 | D:5      | Entered Level 5 of the Dungeon
  5287 | D:5      | Reached XP level 7. HP: 37/44 MP: 7/7
  5475 | D:5      | Reached skill level 5 in Fighting
  5554 | D:5      | Reached skill level 7 in Crossbows
  5699 | D:5      | Reached skill level 5 in Short Blades
  6239 | D:5      | Noticed a moth of wrath
  6242 | D:5      | Found a bloodstained altar of Trog.
  6429 | D:5      | Reached * piety under Okawaru
  6430 | D:5      | Reached XP level 8. HP: 36/51 MP: 8/8
  6853 | D:6      | Noticed Maggie
  6895 | D:6      | Killed Maggie
  6896 | D:6      | Reached skill level 8 in Crossbows
  7698 | D:6      | Reached XP level 9. HP: 35/57 MP: 6/9
  7844 | D:6      | Reached skill level 1 in Invocations
  7886 | D:6      | Reached skill level 9 in Crossbows
  7902 | D:6      | Reached ** piety under Okawaru
  8574 | D:6      | Noticed Blork the orc
  8578 | D:6      | Killed Blork the orc
  9917 | D:7      | Reached XP level 10. HP: 64/64 MP: 10/13
  9953 | D:7      | Reached *** piety under Okawaru
  9954 | D:7      | Reached skill level 10 in Crossbows
 10321 | D:8      | Noticed Erica
 10336 | D:8      | Killed from afar by Erica

Illustrated notes

Levels and vault maps discovered:
D:1:      mainiacjoe_arrival_reflecting_pool, layout_rooms, minmay_hexomino_p4
D:2:      layout_loops_corners
D:3:      layout_basic, uniq_jessica
D:4:      layout_rooms, minmay_temple_entry_large_hall, palyth_stone_intersect,
          serial_bayou_lagoon_b
D:5:      layout_loops_ring, tgw_trog
D:6:      layout_loops_ring, chequers_big_river, minmay_alternating_orb,
          uniq_blork_the_orc, uniq_maggie
D:7:      layout_basic, minmay_misc_feat_tower, chequers_serial_rivers_large_a,
          minmay_liquid_box
D:8:      layout_cave_pools, serial_bayou_lake_a, uniq_prince_ribbit1,
          uniq_erica
Temple:   kilobyte_greek_temple

Skill      XL: |  1  2  3  4  5  6  7  8  9 10 |
---------------+-------------------------------+-----
Crossbows      | 5 6 7 8 9 10 | 10.1
Fighting       | 3 4 5 7 8 |  8.4
Short Blades   | 1 2 3 4 5 7 9 |  9.3
Invocations    | 4 |  4.5
Dodging        | |  2.4
Stealth        | |  1.3

Action                   |  1- 3 |  4- 6 |  7- 9 | 10-12 || total
-------------------------+-------+-------+-------+-------++-------
Melee: Short sword       |    74 |    15 |   253 |       ||   342
       Dagger            |    80 |   162 |   218 |       ||   460
       Hand crossbow     |       |       |     1 |       ||     1
       Punch             |       |       |     1 |       ||     1
 Fire: Hand crossbow     |     2 |     3 |    41 |    49 ||    95
Invok: Heroism           |       |       |     3 |     1 ||     4
Evoke: Wand              |       |       |     1 |       ||     1
  Use: Potion            |       |       |     4 |     1 ||     5
 Stab: Sleeping          |    11 |    15 |    12 |       ||    38
       Distracted        |     1 |       |     1 |       ||     2
Armor: Leather armour    |    46 |    37 |    63 |     3 ||   149
Dodge: Dodged            |   139 |   119 |   314 |    15 ||   587

Table legend: (Time is in decaauts)
 A = Elapsed time spent in this place.
 B = Non-inter-level travel time spent in this place.
 C = Inter-level travel time spent in this place.
 D = Time resting spent in this place.
 E = Time spent auto-exploring this place.
 F = Levels seen in this place.
 G = Mean time per level.
                   A        B        C        D        E       F      G
               +--------+--------+--------+--------+--------+-----+--------+
         Total |  10247 |   9746 |    501 |   1967 |   6125 |   9 | 1138.6 |
       Dungeon |  10076 |   9610 |    466 |   1967 |   5996 |   8 | 1259.5 |
        Temple |    170 |    135 |     35 |      0 |    129 |   1 |  170.0 |
               +--------+--------+--------+--------+--------+-----+--------+

Top non-repeatable levels by time:
     D:6: 1787 daAuts
     D:5: 1763 daAuts
     D:1: 1583 daAuts
     D:7: 1278 daAuts
     D:2: 1255 daAuts
     D:4: 1247 daAuts
     D:3: 1129 daAuts
  Temple: 170 daAuts
     D:8: 30 daAuts
